Cogmind - Beta 16 @@@ ROGUE MODE // 2025.11.26 @ 22:19:49 Player: Vriska Result: Self-destructed Performance ------------- Evolutions (1) 500 Regions Visited (3) 600 Robots Destroyed (44) 220 Value Destroyed (953) 953 Prototype IDs (2) 40 Alien Tech Used (0) 0 Bonus (0) 0 TOTAL SCORE: 2313 Bonus ------- None Cogmind --------- Core Integrity 313/400 Matter 197/300 Energy 125/125 System Corruption 0% Temperature Cool (23) Movement Core (1500) Ox29 Location -9/Materials Parts ------- > --- POWER (1) -------- Light Ion Engine > --- PROPULSION (3) --- (None) > --- UTILITY (3) ------ Huge Storage Unit > --- WEAPON (2) ------- Flak Cannon > --- INVENTORY (25) --- Ion Engine Light Ion Engine Light Nuclear Core Small Storage Unit Medium Storage Unit Large Storage Unit Transport Network Coupler Targeting Computer Utility Shielding Weapon Shielding System Shield Grenade Launcher Grenade Launcher Rocket Launcher Peak State ------------ > --- POWER ------------ Ion Engine > --- PROPULSION ------- Light Treads Light Treads > --- UTILITY ---------- Huge Storage Unit Visual Processing Unit > --- WEAPON ----------- Heavy Battle Rifle Mining Laser > --- INVENTORY -------- Ion Engine Light Ion Engine Light Ion Engine Light Treads Light Treads Small Storage Unit Medium Storage Unit Large Storage Unit Transport Network Coupler Targeting Computer Weapon Shielding Light Armor Plating Grenade Launcher Grenade Launcher Grenade Launcher Rocket Launcher [Rating: 12] Favorites ----------- Power Light Ion Engine Engine Light Ion Engine Propulsion Light Treads Treads Light Treads Utility Huge Storage Unit Storage Huge Storage Unit Processor Visual Processing Unit Protection Light Armor Plating Weapon Light Assault Rifle Ballistic Gun Light Assault Rifle Ballistic Cannon Light Cannon Launcher Grenade Launcher Special Weapon Mining Laser Build | -11 -10 -10 -9 ------- Run | Yrd Mat Min Mat Slots Evolved 2 | . . . 2 Power . | . . . . Propulsion 1 | . . . 1 Utility 1 | . . . 1 Weapon . | . . . . Parts Attached 25 | 6 9 9 1 Power 3 | 1 1 1 . Engine 3 | 1 1 1 . Core . | . . . . Reactor . | . . . . Propulsion 6 | 2 2 2 . Treads 6 | 2 2 2 . Leg . | . . . . Wheel . | . . . . Hover . | . . . . Flight . | . . . . Utility 7 | 1 4 2 . Device . | . . . . Storage 5 | 1 3 1 . Processor 1 | . 1 . . Hackware . | . . . . Protection 1 | . . 1 . Artifact . | . . . . Weapon 9 | 2 2 4 1 Energy Gun . | . . . . Energy Cannon . | . . . . Ballistic Gun 5 | 2 1 2 . Ballistic Cannon 2 | . 1 . 1 Launcher 1 | . . 1 . Special Weapon 1 | . . 1 . Impact Weapon . | . . . . Slashing Weapon . | . . . . Piercing Weapon . | . . . . Special Melee Weapon . | . . . . Unidentified Prototypes . | . . . . Parts Lost 11 | . 5 2 4 Power 2 | . 1 1 . Propulsion 4 | . 2 . 2 Utility 1 | . . . 1 Weapon 4 | . 2 1 1 Highest Loss Streak 4 | . 4 1 4 To Critical Strikes . | . . . . Average Backups 11 | . 9 13 13 Power 2 | . 1 2 3 Propulsion 1 | . 2 . . Utility 5 | . 3 6 7 Weapon 2 | . 1 3 3 Tool/Special . | . . . . Unused Backups 11 | . . . 11 Power 3 | . . . 3 Propulsion . | . . . . Utility 5 | . . . 5 Weapon 3 | . . . 3 Tool/Special . | . . . . Average Slot Usage (%) 89 | . 91 90 75 Engine 13 | . 13 14 11 Treads 26 | . 25 27 21 Storage 13 | . 14 14 11 Processor 7 | . 9 6 . Protection 1 | . . . 10 Ballistic Gun 14 | . 16 14 2 Ballistic Cannon 6 | . 10 2 8 Launcher 5 | . . 8 10 Peak Build Rating 12 | 6 9 12 11 Average Rating 9 | 4 7 10 10 On Entrance 6 | . 6 9 11 Avg Prop Armor Cover (%) . | . . . . Naked Turns . | . . . . Heaviest Build 95 | 11 29 93 95 Greatest Support 40 | 40 40 40 40 Greatest Overweight (x) 4 | . 1 2 4 Average Overweight (x) 1 | . . 1 2 Largest Inventory Capacity 25 | 8 15 25 25 Average Capacity 20 | 6 14 24 25 Most Carried 17 | 1 15 17 14 Average Carried 11 | . 9 13 13 Final Capacity 25 | 8 15 25 25 Final Carried 15 | 1 15 12 14 Class Distribution -------------------- 100% | Mutant Dominant Class ---------------- Mutant | -10/Materials Mutant | -10/Mines Mutant | -9/Materials Resources | -11 -10 -10 -9 ----------- Run | Yrd Mat Min Mat Matter Collected 1167 | 260 430 385 92 Remotely . | . . . . Salvage Created 1178 | . 507 434 237 Parts 86 | . 44 30 12 Haulers Intercepted 1 | . 1 . . Recyclers Shooed 1 | . 1 . . Parts Field Recycled . | . . . . Retrieved Matter . | . . . . Parts Self-Destructed . | . . . . Prevented . | . . . . Parts Restored . | . . . . Kills | -11 -10 -10 -9 ------- Run | Yrd Mat Min Mat Combat Hostiles Destroyed 30 | . 15 12 3 Guns 16 | . 6 10 . Cannons 12 | . 9 . 3 AOE 2 | . . 2 . Classes Destroyed 11 | . 7 3 1 Worker 3 | . 1 . 2 Builder 2 | . . 1 1 Tunneler 1 | . . 1 . Hauler 1 | . 1 . . Recycler 3 | . 1 1 1 Operator 2 | . 1 . 1 Watcher 3 | . 2 . 1 Swarmer 9 | . 6 3 . Grunt 19 | . 9 8 2 Sentry 1 | . . . 1 Assembled 1 | . . 1 . Best Kill Streak 7 | . 4 5 7 Combat Bots Only 5 | . 4 5 2 Max Kills in Single Turn 1 | . 1 1 1 Gunslinging . | . . . . Exploded 1 | . . 1 . Melee . | . . . . Uniques/NPCs Destroyed . | . . . . Combat | -11 -10 -10 -9 -------- Run | Yrd Mat Min Mat Hostile Shots Fired 247 | . 138 67 42 Missed 67 | . 40 17 10 Hits 180 | . 98 50 32 Projectile 180 | . 98 50 32 Critical Strikes 2 | . 2 . . Damage Taken 2064 | . 1060 582 422 Core 297 | . 163 47 87 Absorbed by Shields . | . . . . Core Remaining (%) 58 | 100 . 16 . Volleys Fired 194 | . 117 55 22 Largest 2 | . 2 2 2 Hottest 100 | . 50 100 67 Shots Fired 226 | . 143 60 23 Gun 138 | . 93 45 . Cannon 72 | . 50 . 22 Launcher 8 | . . 7 1 Special 8 | . . 8 . Kinetic 210 | . 143 45 22 Thermal 8 | . . 8 . Explosive 8 | . . 7 1 Electromagnetic . | . . . . Robot Hit Streak 8 | . 8 6 6 Robot Miss Streak 7 | . 5 3 7 Penetration Max . | . . . . Secondary Targets . | . . . . Shots Hit Robots 134 | . 87 31 16 Core Hits 79 | . 36 18 25 Critical Kills . | . . . . Critical Parts Destroyed . | . . . . Critical Strikes . | . . . . Melee Attacks . | . . . . Impact . | . . . . Slashing . | . . . . Piercing . | . . . . Sneak Attacks . | . . . . Combat Hostiles . | . . . . Follow-up Attacks . | . . . . Damage Inflicted 2242 | . 1146 763 333 Guns 1143 | . 538 605 . Cannons 898 | . 599 . 299 Explosions 192 | . . 158 34 Melee . | . . . . Ramming 9 | . 9 . . Kinetic 2041 | . 1137 605 299 Thermal . | . . . . Explosive 192 | . . 158 34 Electromagnetic . | . . . . Impact . | . . . . Slashing . | . . . . Piercing . | . . . . Highest Corruption 7 | . 7 7 . Average Corruption 5 | . 3 7 . Corruption Purged . | . . . . Corruption Blocked . | . . . . Effects 91 | . 22 69 . Message Errors 21 | . 5 16 . Matter Fused 26 | . 7 19 . Heat Flow Errors 10 | . 2 8 . Energy Discharges 10 | . 1 9 . Parts Fused 2 | . 2 . . Data Loss (minor) 11 | . 3 8 . Data Loss (major) 4 | . . 4 . Misfires 2 | . 1 1 . Alerts 3 | . . 3 . Weapon Failures 2 | . 1 1 . Overload Shots . | . . . . Overflow Damage 6 | . 5 . 1 Projectiles 6 | . 5 . 1 Explosions . | . . . . Melee . | . . . . Knockbacks 13 | . 4 . 9 Impact . | . . . . Kinetic 12 | . 4 . 8 Secondary 1 | . . . 1 Self-Inflicted Damage 82 | . . 70 12 Shots 6 | . . 5 1 Rammed 1 | . 1 . . Targets Rammed 1 | . 1 . . Kicked . | . . . . Crushed . | . . . . Highest Temperature 271 | . 271 267 49 Average Temperature 42 | . 30 56 10 Received Heat Transfer 876 | . 456 210 210 Siege Activations . | . . . . Martial Activations . | . . . . Shielding Activations . | . . . . Robots Disrupted . | . . . . Combat Hostiles . | . . . . Robots Corrupted . | . . . . Combat Hostiles . | . . . . Parts Fried . | . . . . Impact Corruptions . | . . . . Robots Melted . | . . . . Combat Hostiles . | . . . . Parts Melted . | . . . . Heat Transferred . | . . . . Parts Sabotaged . | . . . . Parts Stolen . | . . . . Parts Stripped . | . . . . Power Chain Reactions . | . . . . Alert | -11 -10 -10 -9 ------- Run | Yrd Mat Min Mat Maximum Alert Level . | . . . . Low Security (%) 100 | 100 100 100 100 Level 1 . | . . . . Level 2 . | . . . . Level 3 . | . . . . Level 4 . | . . . . Level 5 . | . . . . High Security . | . . . . Max Security . | . . . . Peak Influence 109 | . 109 108 55 Initial 33 | . . 9 33 Average 16 | . 22 13 9 Influence Increases 869 | . 430 323 116 Destroy 0b10 Robot/C 580 | . 300 220 60 Destroy 0b10 Robot/NC 75 | . 30 15 30 Destroy Leader 128 | . 76 30 22 Successful Hack 24 | . 24 . . Destroy Structure 62 | . . 58 4 Influence Decreases 827 | . 404 261 162 Entered New Map 72 | . . 17 55 Time Decay 611 | . 320 224 67 Lost Part 110 | . 50 20 40 Purge Threat 34 | . 34 . . Squads Dispatched 5 | . 4 . 1 Investigation 1 | . 1 . . Extermination . | . . . . Reinforcement 4 | . 3 . 1 Assault . | . . . . Garrison . | . . . . Intercept . | . . . . Searches Triggered . | . . . . Construction Impeded . | . . . . Haulers Reinforced . | . . . . Active Scanning Responses . | . . . . Cargo Convoy Interrupts . | . . . . Stealth | -11 -10 -10 -9 --------- Run | Yrd Mat Min Mat Distress Signals 4 | . 2 1 1 Communications Jammed . | . . . . Distress Signals . | . . . . Times Spotted 52 | . 32 12 8 Peak Tracking Total 7 | . 7 3 4 Tactical Retreats . | . . . . Traps | -11 -10 -10 -9 ------- Run | Yrd Mat Min Mat Traps Triggered 4 | . 4 . . Indirectly . | . . . . Trap Hack Attempts . | . . . . Triggered . | . . . . Disarmed . | . . . . Reprogrammed . | . . . . Reused . | . . . . Traps Extracted . | . . . . Installed . | . . . . Triggered . | . . . . Machines | -11 -10 -10 -9 ---------- Run | Yrd Mat Min Mat Machines Disabled . | . . . . Max in Single Turn . | . . . . Machines Repaired . | . . . . Machines Dismantled . | . . . . Machines Sabotaged . | . . . . Overloaded Fab Kills . | . . . . Hacking | -11 -10 -10 -9 --------- Run | Yrd Mat Min Mat Machines Accessed 7 | . 5 . 2 Terminals 6 | . 4 . 2 Fabricators . | . . . . Repair Stations . | . . . . Recycling Units 1 | . 1 . . Scanalyzers . | . . . . Garrison Access . | . . . . Total Hacks 22 | . 19 . 3 Successful 10 | . 9 . 1 Failed 12 | . 10 . 2 Catastrophic 2 | . 1 . 1 Database Lockouts . | . . . . Manual 13 | . 13 . . Terminals 20 | . 17 . 3 Fabricators . | . . . . Repair Stations . | . . . . Recycling Units 2 | . 2 . . Scanalyzers . | . . . . Garrison Access . | . . . . Terminal Hacks 9 | . 8 . 1 Prototype ID Bank 1 | . . . 1 Alert Level 2 | . 2 . . Unreport Threat 1 | . 1 . . Locate Traps 1 | . 1 . . Transport Status 1 | . 1 . . Assault Status 1 | . 1 . . Hauler Manifests 1 | . 1 . . Zone Layout 1 | . 1 . . Fabricator Hacks . | . . . . Repair Station Hacks . | . . . . Recycling Unit Hacks . | . . . . Scanalyzer . | . . . . Garrison Access Hacks . | . . . . Unauthorized Hacks . | . . . . Terminals . | . . . . Fabricators . | . . . . Repair Stations . | . . . . Recycling Units . | . . . . Scanalyzers . | . . . . Garrison Access . | . . . . Data Cores Recovered . | . . . . Used . | . . . . Hacking Detections 8 | . 6 . 2 Full Trace Events 4 | . 3 . 1 Feedback Events . | . . . . Feedback Blocked . | . . . . Robot Schematics Acquired . | . . . . Robots Built . | . . . . Authchips . | . . . . Time . | . . . . Total Robot Build Rating . | . . . . Part Schematics Acquired . | . . . . Parts Built . | . . . . Authchips . | . . . . Time . | . . . . Total Part Build Rating . | . . . . Part Studies Acquired . | . . . . Parts Repaired . | . . . . Time . | . . . . Parts Recycled . | . . . . Recycled Matter . | . . . . Retrieved Matter . | . . . . Retrieved Components . | . . . . Parts Scanalyzed . | . . . . Part Schematics Acquired . | . . . . Parts Damaged . | . . . . Bothacking | -11 -10 -10 -9 ------------ Run | Yrd Mat Min Mat Used RIF Installer . | . . . . Robots Hacked . | . . . . Non-combat . | . . . . Combat . | . . . . Robot Hacks Applied . | . . . . Relay Couplers Released . | . . . . Fabnet Peak Effective % . | . . . . Robots Rewired . | . . . . Allies Hacked . | . . . . Hacks Repelled . | . . . . Allies | -11 -10 -10 -9 -------- Run | Yrd Mat Min Mat Total Allies 1 | . . 1 . Largest Group 1 | . . 1 . Highest-Rated Group 31 | . . 31 . Highest-Rated Ally 31 | . . 31 . Total Orders . | . . . . Ally Attacks . | . . . . Total Damage . | . . . . Kills . | . . . . Allies Corrupted . | . . . . Allies Melted . | . . . . Intel | -11 -10 -10 -9 ------- Run | Yrd Mat Min Mat Active Infowar (turns) 2111 | . 1065 1046 . Optics 2111 | . 1065 1046 . Robot Analysis Total . | . . . . Derelict Logs Recovered 1 | . . 1 . Drone Launches . | . . . . Drone Recoveries . | . . . . Exploration | -11 -10 -10 -9 ------------- Run | Yrd Mat Min Mat Turns Passed 4286 | 77 1534 2348 327 Spaces Moved 1545 | 46 713 700 86 Core 5 | 5 . . . Treads 1540 | 41 713 700 86 Legs . | . . . . Wheels . | . . . . Hover . | . . . . Flight . | . . . . Fastest Speed 50 | 50 160 160 320 Average Speed 240 | 148 169 309 321 Slowest Speed 480 | 160 240 320 480 Overloaded Moves . | . . . . Propulsion Burnouts . | . . . . Robots Hopped . | . . . . Potential Cave-ins . | . . . . Cave-ins Triggered . | . . . . Exploration Rate (%) 53 | 4 98 97 14 Regions Visited 3 Branch Regions 1 Pre-discovered Areas . | . . . . Known Exits Taken . | . . . . Unknown Exits Taken 3 | 1 1 1 . Scrap Searched 1 | . . 1 . Spaces Dug 4 | . . . 4 Terrain Destroyed 87 | . . 83 4 Melee . | . . . . Projectile 10 | . . 10 . AOE 77 | . . 73 4 Terrain Rammed . | . . . . Walls Destroyed . | . . . . Machines Disabled . | . . . . Actions | -11 -10 -10 -9 --------- Run | Yrd Mat Min Mat Total 1880 | 52 908 807 113 Wait 85 | . 49 35 1 Move 1542 | 45 712 699 86 Hop . | . . . . Pick Up 22 | 1 16 3 2 Fast Attach 14 | 6 5 2 1 Attach 10 | . 4 6 . Detach 2 | . 2 . . Swap 2 | . 1 1 . Drop 8 | . 1 6 1 Fire 194 | . 117 55 22 Melee . | . . . . Ram . | . . . . Kick . | . . . . Crush 1 | . 1 . . Escape Stasis . | . . . . Rewire . | . . . . Trap . | . . . . Miscellaneous . | . . . . Route ------- -11/Scrapyard -10/Materials (discovered 5 exits: *Mat x3 / [*Min] / [*Sub]) -10/Mines (discovered 2 exits: *Mat x2) -9/Materials History --------- Turn | Location | Event 38 | -11/Scrapyard | Discovered new exit (range 16) 78 | -11/Scrapyard | Entered Materials 306 | -10/Materials | Build established: Mutant 408 | -10/Materials | Lost 4 parts (1p2n1w) 574 | -10/Materials | Core integrity fell below 50% 662 | -10/Materials | Discovered new exit (range 17) 1013 | -10/Materials | Discovered new exit (range 18) 1394 | -10/Materials | Discovered new exit (range 10) 1507 | -10/Materials | Discovered new exit (range 10) 1587 | -10/Materials | Discovered new exit (range 8) 1612 | -10/Materials | Entered Mines 1689 | -10/Mines | Received a Rocket Launcher from a helpful Derelict 1914 | -10/Mines | Learned Materials trap positions 2033 | -10/Mines | Excavation squad dispatched 2033 | -10/Mines | A large section of the Mines collapsed 2095 | -10/Mines | A weapon hastily lodged in a ceiling crevice suddenly fell to the ground 2408 | -10/Mines | Core integrity fell below 20% 2568 | -10/Mines | Discovered new exit (range 10) 2587 | -10/Mines | Received a Mining Laser from a helpful Derelict 2742 | -10/Mines | Found a hidden stash of uninstalled traps 2777 | -10/Mines | Discovered new exit (range 6) 3960 | -10/Mines | Entered Materials 3960 | -9/Materials | Evolved 2 slots: Propulsion x1, Utility x1 3961 | -9/Materials | Loaded intel: 23 trap records 4287 | -9/Materials | Self-destructed Last Messages --------------- R-06 Scavenger collects Lgt. Ion Engine. K-01 Serf collects debris. R-06 Scavenger collects Unknown Energy Gun. K-01 Serf collects debris. R-06 Scavenger collects Unknown Ballistic Gun. K-01 Serf collects debris. K-01 Serf destroyed. K-01 Serf collects debris. R-06 Scavenger knocked back. R-06 Scavenger destroyed. R-06 Scavenger collects Sml. Matter Pod. Grenade Launcher destroyed. K-01 Serf destroyed. W-16 Scout destroyed. Acquired 81 matter. Lgt. Armor Plating destroyed. G-47 Trooper knocked back. Lgt. Treads destroyed. G-47 Trooper knocked back. G-47 Trooper destroyed. Map ----- +----------------------------------------------------+ | ?????????????????????????????????????????# """ + | | ?????????????????????????????????????????# """ # | | ?????????????????????????????????????????# """ # | | ?????????????????????????????????????????# # | | ?????????????????????????????????????????####### | | ???????????????????????????????????????????##### | | ???????????????????????????????????????????#!! | | ???????????????????????????????????????????#!! | | ???????????????????????????????????????????#! | | ???????????????????????????????????????????#!! | | ???????????????????????????????????????????#] [ | | ?????????????????????#?????????????????????#]] | | ?????????????????? ?????????????????????##### | | ????????????????? ????????????????????????# | | ???????????????? ????????????????????????# | | ?????????????????=] ????????????????????????# | | ??????????????????! ##+??????#######????????# | | ??????????????????? #?????# ########## | | ???????????????????? % #?????# | | ????????????????????? g= #?????# | | ?????????????????????# #?????# ! """ | | ?????????????????????# #?????# ! "T" | | ?????????????????????#=!%%+?????# """" | | ?????????????????????#%%^^#?????# """" | | ??????????????# ##^^^^####### """" | | ??????????????# /g=[!@|* % | | ??????????????# #####/##+##### | | ??????????????????????# % #??## """" """" | | ??????????????????????# #??## """" """" | | ??????????????????????# """ #??# """" """" | | ??????????????????????# """ #??# | | ??????????????????????# """ ]#??## | | ??????????????????????# #???####+######+### | | ??????????????????????########????# T #??????? | | ??????????????????????????????????# #??????? | | ??????????????????????????????????# #??????? | | ??????????????????????????????????# #??????? | | ??????????????????????????????????# #??????? | | ??????????????????????????????????# #????????? | | ??????????????????????????????????# """ #????????? | | ??????????????????????????????????# """ #????????? | | ????????^?????????????????????????# """ #????????? | | ??????^???????????????????????????# """ #????????? | | ?????^????????????????????????????# #???????^^ | | ??????^???????????????????????????# ? #????????? | | ??????????????????????????????????#??####????????? | | ?????????????????????????????????????????????????? | | ?????????????????????????????????????????????????? | | ?????????????????????????????????????????????????? | | ?????????????????????????????????????????????????? | +----------------------------------------------------+ Best States ------------- Heat Dissipation 28 Energy Generation 10 Energy Capacity 250 Matter Stores 300 Matter Capacity 300 Sight Range 18 Terrain Scan Density 10 Armor Coverage 150 Evasion (%) 40 Recoil Reduction 2 Item Schematics ----------------- None Robot Schematics ------------------ None Fabricated ------------ Nothing Repaired ---------- Nothing Studied --------- None Alien Tech Used ----------------- None Achievements -------------- None Challenges ------------ None Game ------ Seed IntegrityCryofiberSink Manual? 0 Play Time 00:23:51 Cumulative 23.0 hours Start 2025.11.26 @ 18:50:48 End 2025.11.26 @ 22:19:49 Sessions 3 Manual Loads 0 Difficulty Rogue Special Mode None Game No. 43 Rogue 43 Adventurer 0 Explorer 0 Win Type - Total 0 Types 0/0/0/0/0/0/0/0/0/0 Lore% 24 Gallery% 22 Achievement% 19 Wizard Run 0 Options --------- Layout 0 ASCII 0 Keyboard 0 Movement Numpad Keybinds 0 Fullscreen 1 Font 18/SmallcapsGlow Map View 76x50 Zoom Use 0% Tactical HUD 0 Map Filters NONE Filters NONE Steam 1 RUN: 613911a3-d4dc-48a5-a354-286a2043a4a6